 Dungeon Crawl Stone Soup version 0.17-a0-2093-gc772f4b (webtiles) character file.

2434 jalm the Destroyer (level 9, -4/45 HPs)
             Began as a Deep Elf Fire Elementalist on Oct 16, 2015.
             Was a Priest of Sif Muna.
             Shot with an arrow by a centaur (12 damage)
             ... on level 7 of the Dungeon.
             The game lasted 00:46:49 (8178 turns).

jalm the Destroyer (Deep Elf Fire Elementalist)     Turns: 8178, Time: 00:46:49

Health: -4/45      AC:  6    Str:  5    XL:     9   Next: 24%
Magic:  14/18      EV: 13    Int: 24    God:    Sif Muna [***...]
Gold:   200        SH:  0    Dex: 15    Spells: 5 memorised, 2 levels left

rFire  + . .     SeeInvis .     k - +2 short sword (elec)
rCold  . . .     Clarity  .     p - +1 animal skin
rNeg   . . .     SustAt   .     (no shield)
rPois  .         Gourm    .     q - +1 hat
rElec  .         Spirit   .     (no cloak)
rCorr  .         Warding  .     d - +0 pair of gloves
rMut   .         Stasis   .     C - +0 pair of boots
MR     .....                    (no amulet)
Stlth  +.........               t - ring of protection from fire
                                u - ring of loudness (curse)

@: not resistant to hostile enchantments, very unstealthy
A: no striking features
a: Channel Energy, Forget Spell, Renounce Religion


You were on level 7 of the Dungeon.
You worshipped Sif Muna.
Sif Muna was most pleased with you.
You were not hungry.

You visited 2 branches of the dungeon, and saw 8 of its levels.

You collected 286 gold pieces.
You donated 86 gold pieces to Zin.

Inventory:

Hand Weapons
 g - a +2 war axe of electrocution
 h - a +0 club
 k - a +2 short sword of electrocution (weapon)
 n - a +2 rapier of venom
Missiles
 E - 6 steel javelins (quivered)
Armour
 a - a +0 robe
 d - a +0 pair of gloves (worn)
 f - a +2 leather armour of magic resistance
 p - a +1 animal skin (worn)
 q - a +1 hat (worn)
 y - the +1 leather armour of the Farrier {-Tele rF+++ MP-9 Slay+2}
   (You found it on level 4 of the Dungeon)

   It affects your accuracy and damage with ranged weapons and melee attacks
   (+2).
   It renders you almost immune to fire.
   It affects your magic capacity (-9).
   It prevents most forms of teleportation.
 C - a +0 pair of boots (worn)
Jewellery
 t - a ring of protection from fire (right hand)
 u - a cursed ring of loudness (left hand)
Wands
 m - a wand of frost (12)
 w - a wand of disintegration (8)
 J - a wand of enslavement (14)
 L - a wand of fire (8)
Scrolls
 e - a scroll of fear
 i - a scroll of amnesia
 l - a scroll of enchant weapon
 s - a scroll of magic mapping {unknown}
 x - 3 scrolls of fog
 z - 4 scrolls of identify
 A - 2 scrolls of teleportation
 B - a scroll of remove curse {unknown}
 D - a scroll of recharging {unknown}
 G - a scroll of random uselessness {unknown}
 K - a scroll of enchant armour {unknown}
 M - a scroll of immolation {unknown}
Potions
 o - 3 potions of degeneration
 r - a potion of berserk rage {unknown}
 v - 2 potions of haste
 H - 2 potions of magic {unknown}
 I - 2 potions of agility {unknown}
Books
 b - a book of Flames

   Spells                             Type                      Level
   a - Flame Tongue                   Conjuration/Fire             1
   b - Throw Flame                    Conjuration/Fire             2
   c - Conjure Flame                  Conjuration/Fire             3
   d - Inner Flame                    Hexes/Fire                   3
   e - Sticky Flame                   Conjuration/Fire             4
   f - Fireball                       Conjuration/Fire             5
Comestibles
 c - 8 bread rations
 j - 6 fruits
 F - 7 beef jerkies
 N - 3 chunks of flesh


   Skills:
 - Level 2.4 Dodging
 - Level 2.4 Stealth
 + Level 4.7 Spellcasting
 * Level 12.8 Conjurations
 - Level 3.2 Fire Magic


You had 2 spell levels left.
You knew the following spells:

 Your Spells              Type           Power        Failure   Level  Hunger
a - Flame Tongue          Conj/Fire      #####        1%          1    None
b - Throw Flame           Conj/Fire      #####.       1%          2    None
c - Conjure Flame         Conj/Fire      #####...     1%          3    ##.....
d - Sticky Flame          Conj/Fire      #####...     3%          4    ####...
e - Fireball              Conj/Fire      #####.....   12%         5    #####..


Dungeon Overview and Level Annotations

Branches:
Dungeon (7/15)             Temple (1/1) D:4

Altars:
Ashenzari
Cheibriados
Dithmenos
Elyvilon
Fedhas
Gozag
Kikubaaqudgha
Makhleb
Nemelex Xobeh
Okawaru
Qazlal
Ru
Sif Muna
Trog
Vehumet
Xom
Yredelemnul
Zin
The Shining One

Shops:
D:4 !

Annotations:
D:5 exclusion: statue, jlc4533's ghost, novice HOFi
D:7 Joseph


Message History

The centaur is almost dead.
The centaur shoots an arrow.
The arrow barely misses you.
The centaur shoots an arrow.
The arrow hits you!
Casting: Flame Tongue
Confirm with . or Enter, or press ? or * to list all spells.
Aiming: Flame Tongue
Press: ? - help, Shift-Dir - straight line, f/p - centaur
Aim: a centaur, wielding a shortbow (almost dead)
The flame tongue misses the centaur.
The centaur shoots an arrow.
The arrow hits you!
* * * LOW HITPOINT WARNING * * *
Casting: Flame Tongue
Confirm with . or Enter, or press ? or * to list all spells.
Aiming: Flame Tongue
Press: ? - help, Shift-Dir - straight line, f/p - centaur
Aim: a centaur, wielding a shortbow (almost dead)
The flame tongue hits the centaur.
The centaur is almost dead.
The centaur shoots an arrow.
The arrow hits you!
You die...

..............##.[...##....## ##
...........#...#.....####.#######
##.#.#.###...[......)............
.#.#.#.#....##...####.....#######
##.###.###..####......)#.....####
........)...# #####.....###.....
.....>..############..(..########
.รท.)....###....#(....c#).........
..).).#.##....(.@##....c..#######
..).##..###.....###.####..### ###
...#.#..# #####.##..# #....# #..
.##.#...# #....## #.#..###..
#.##....## #.########.##..##..
.#.#.....## ##........#.##...#..
#.#......... #<........#.##......
##....).##.....#.......#.#####...
...........#..##.......#.# ##..


You could see a centaur.

Vanquished Creatures
  A hippogriff (D:7)
  A water moccasin (D:6)
  3 orc warriors
  2 phantoms
  2 ice beasts (D:6)
  A centaur (D:6)
  2 ogres
  Blork the orc (D:5)
  A giant frog (D:7)
  A scorpion (D:6)
  A jelly (D:5)
  2 crimson imps
  A quasit (D:6)
  9 orc wizards
  A centaur zombie (D:7)
  A centaur skeleton (D:7)
  4 orc priests
  A hound (D:5)
  A giant frog skeleton (D:6)
  An iguana (D:4)
  4 worker ants
  2 hound skeletons
  Robin (D:2)
  8 adders
  3 gnolls (D:3)
  3 shadow imps
  4 oozes
  An adder skeleton (D:6)
  An adder zombie (D:7)
  4 worms
  5 giant geckos
  40 orcs
  6 giant cockroaches
  18 goblins
  7 hobgoblins
  18 jackals
  7 kobolds
  3 quokkas
  A ball python (D:6)
  7 bats
  A giant gecko skeleton (D:5)
  5 giant newts
  A jackal skeleton (D:4)
  9 rats
196 creatures vanquished.

Vanquished Creatures (others)
  A bush (D:7)
1 creature vanquished.

Grand Total: 197 creatures vanquished

Notes
Turn   | Place    | Note
--------------------------------------------------------------
     0 | D:1      | jalm the Deep Elf Fire Elementalist began the quest for the Orb.
     0 | D:1      | Reached XP level 1. HP: 10/10 MP: 6/6
   272 | D:1      | Reached XP level 2. HP: 15/15 MP: 1/8
   408 | D:1      | Learned a level 2 spell: Throw Flame
   818 | D:1      | Reached XP level 3. HP: 19/19 MP: 7/9
  1099 | D:2      | Learned a level 3 spell: Conjure Flame
  1158 | D:2      | Found a glowing golden altar of the Shining One.
  1213 | D:2      | Reached skill level 4 in Conjurations
  1290 | D:2      | Reached XP level 4. HP: 24/24 MP: 1/10
  1412 | D:2      | Noticed Robin
  1824 | D:2      | Killed Robin
  1824 | D:2      | Reached skill level 5 in Conjurations
  2237 | D:3      | Reached XP level 5. HP: 28/28 MP: 6/11
  2763 | D:4      | Reached skill level 6 in Conjurations
  2990 | D:4      | Noticed a phantom
  2996 | D:4      | Learned a level 4 spell: Sticky Flame
  3032 | D:4      | Killed a phantom
  3032 | D:4      | Reached XP level 6. HP: 20/32 MP: 0/12
  3075 | D:4      | Found Musyarun's Distillery.
  3193 | D:4      | Reached skill level 7 in Conjurations
  3212 | D:4      | Got a smoking leather armour
  3223 | D:4      | Identified the +1 leather armour of the Farrier {-Tele rF+++ MP-9 Slay+2} (You found it on level 4 of the Dungeon)
  3316 | D:4      | Found a staircase to the Ecumenical Temple.
  3531 | Temple   | Entered the Ecumenical Temple
  3610 | Temple   | Became a worshipper of Zin the Law-Giver
  3610 | Temple   | Reached * piety under Zin
  3617 | Temple   | Donated 68 gold pieces to Zin
  3790 | D:4      | Reached skill level 8 in Conjurations
  3794 | D:4      | Reached XP level 7. HP: 36/36 MP: 6/13
  4135 | D:5      | Entered Level 5 of the Dungeon
  4367 | D:5      | Noticed Blork the orc
  4456 | D:5      | Noticed jlc4533's ghost (novice HOFi)
  4812 | D:6      | Reached skill level 9 in Conjurations
  4828 | D:6      | Found a deep blue altar of Sif Muna.
  4832 | D:6      | Fell from the grace of Zin
  4832 | D:6      | Became a worshipper of Sif Muna the Loreminder
  4838 | D:6      | Found a snail-covered altar of Cheibriados.
  4848 | D:6      | Found a burning altar of Makhleb.
  4851 | D:6      | Found an ancient bone altar of Kikubaaqudgha.
  5126 | D:6      | Reached skill level 10 in Conjurations
  5126 | D:6      | Reached XP level 8. HP: 15/41 MP: 1/14
  5227 | D:6      | Reached * piety under Sif Muna
  5426 | D:6      | Reached skill level 11 in Conjurations
  6048 | D:6      | Reached ** piety under Sif Muna
  6098 | D:7      | Reached skill level 12 in Conjurations
  6132 | D:5      | HP: 2/41 [jlc4533's ghost (9)]
  6847 | D:5      | Found a radiant altar of Vehumet.
  6856 | D:5      | Killed Blork the orc
  7143 | D:7      | Reached XP level 9. HP: 45/45 MP: 11/16
  7150 | D:7      | Learned a level 5 spell: Fireball
  7361 | D:7      | Noticed Joseph
  7777 | D:7      | Reached *** piety under Sif Muna
  8015 | D:7      | Found a shattered altar of Ashenzari.
  8178 | D:7      | Shot with an arrow by a centaur

Vault maps used:
D:1:      elethiomel_arrival_infinity_welcomes_careful_drivers
D:2:      tso_metal_star, uniq_robin
D:3:      first_bread, kennysheep_generic_room_9
D:4:      minmay_temple_entry_water_ring, serial_shops, nicolae_shop_crystal
D:5:      vehumet_statue, uniq_blork_the_orc
D:6:      kennysheep_six_static_rooms, grunt_temple_overflow_cloverleaf
D:7:      lemuel_doored_altar, grunt_ogre_cave, st_stairs_10,
          minmay_misc_feat_secret_circle, kb_lookout_dungeons_type,
          minmay_misc_feat_nine_boxes, uniq_joseph
Temple:   triangle_lava_temple_12

Action                   |  1- 3 |  4- 6 |  7- 9 || total
-------------------------+-------+-------+-------++-------
Melee: Unarmed           |     1 |       |       ||     1
       Short sword       |       |     5 |    28 ||    33
Throw: Javelin           |       |       |    11 ||    11
 Cast: Flame Tongue      |    77 |   128 |   214 ||   419
       Throw Flame       |     4 |    17 |    27 ||    48
       Conjure Flame     |       |     3 |    11 ||    14
       Sticky Flame      |       |     3 |    10 ||    13
       Fireball          |       |       |     1 ||     1
Invok: Donate Gold       |       |     1 |       ||     1
       Channel Energy    |       |       |     1 ||     1
  Use: Scroll            |       |     9 |     1 ||    10
  Eat: Chunk             |     1 |     7 |    13 ||    21
       Royal jelly       |       |     1 |       ||     1
       Bread ration      |       |       |     1 ||     1
